General information
- name: BNet
- type: Ladder 1vs1/FFA
- host: Battle.net
- saver: dota_star6666
map: LostTemple
- players: 2
- length: 34:42
- speed: Fast
- version: 1.24 W3XP
- replay type: Public
» download(92 KB)
Players
team 1 (loser)
YAC (
pink | 32 APM | 1110 actions | 34:41)
3 Demon Hunter
1 Immolation
2 Mana Burn
2 Priestess of the Moon
1 Scout
1 Trueshot Aura
» actions
| Assign group hotkey | 30 | |
| Build / train | 67 | |
| ESC pressed | 8 | |
| Enter build submenu | 26 | |
| Enter hero's abilities submenu | 5 | |
| Remove unit from queue | 1 | |
| Right click | 393 | |
| Select / deselect | 357 | |
| Select group hotkey | 143 | |
| Use ability | 80 | |
1110 total
» units
| Wisp | 22 | |
| Archer | 13 | |
| Huntress | 10 | |
| Glaive Thrower | 5 | |
50 total
» upgrades
| Improved Bows | 1 | |
| Strength of the Moon | 2 | |
| Moon Armor | 1 | |
| Sentinel | 1 | |
| Nature's Blessing | 1 | |
| Vorpal Blades | 1 | |
7 total
» buildings
| Moon Well | 10 | |
| Altar of Elders | 1 | |
| Ancient of War | 2 | |
| Tree of Ages | 1 | |
| Hunter's Hall | 1 | |
| Tree of Life | 7 | |
| Ancient of Wonders | 1 | |
23 total
» build order
00:21 Moon Well
00:35 Altar of Elders
01:14 Ancient of War
01:28 Moon Well
02:23 Moon Well
03:28 Moon Well
04:18 Tree of Ages
06:14 Ancient of War
06:21 Hunter's Hall
10:01 Moon Well
10:05 Moon Well
10:55 Moon Well
12:09 Tree of Life
12:43 Moon Well
15:58 Moon Well
16:03 Ancient of Wonders
16:54 Moon Well
21:42 Tree of Life
21:52 Tree of Life
23:20 Tree of Life
25:15 Tree of Life
25:43 Tree of Life
28:07 Tree of Life
team 2 (winner)
dota_star6666 (
red | 64 APM | 2225 actions | 34:42)
5 Blademaster
3 Wind Walk
2 Critical Strike
5 Shadow Hunter
3 Healing Wave
2 Hex
» actions
| Assign group hotkey | 41 | |
| Basic commands | 151 | |
| Build / train | 97 | |
| ESC pressed | 5 | |
| Enter build submenu | 55 | |
| Enter hero's abilities submenu | 10 | |
| Give item / drop item | 8 | |
| Right click | 933 | |
| Select / deselect | 495 | |
| Select group hotkey | 201 | |
| Use ability | 229 | |
2225 total
» units
| Peon | 22 | |
| Wind Rider | 6 | |
| Troll Batrider | 2 | |
| Goblin Shredder | 3 | |
| Goblin Zeppelin | 1 | |
| Troll Witch Doctor | 3 | |
37 total
» upgrades
| Ranged Weapons | 2 | |
| Liquid Fire | 1 | |
| Envenomed Spears | 1 | |
| Witch Doctor Training | 1 | |
5 total
» buildings
| Altar of Storms | 1 | |
| Orc Burrow | 13 | |
| Voodoo Lounge | 3 | |
| War Mill | 1 | |
| Watch Tower | 29 | |
| Stronghold | 1 | |
| Beastiary | 2 | |
| Great Hall | 5 | |
| Fortress | 1 | |
| Spirit Lodge | 2 | |
58 total
» build order
00:06 Altar of Storms
00:18 Orc Burrow
00:41 Voodoo Lounge
01:12 War Mill
01:46 Orc Burrow
02:36 Watch Tower
03:51 Stronghold
03:55 Watch Tower
04:12 Watch Tower
04:40 Watch Tower
04:44 Watch Tower
04:47 Watch Tower
05:34 Watch Tower
05:35 Watch Tower
05:36 Watch Tower
05:51 Watch Tower
05:54 Watch Tower
05:55 Watch Tower
06:13 Watch Tower
06:14 Watch Tower
06:17 Beastiary
07:21 Watch Tower
07:46 Watch Tower
07:47 Watch Tower
08:00 Watch Tower
08:52 Orc Burrow
08:55 Beastiary
09:15 Watch Tower
09:16 Watch Tower
09:50 Great Hall
10:29 Watch Tower
10:30 Watch Tower
12:16 Great Hall
12:19 Orc Burrow
15:23 Fortress
16:34 Watch Tower
20:59 Orc Burrow
24:51 Great Hall
24:54 Orc Burrow
24:58 Great Hall
25:00 Orc Burrow
25:42 Voodoo Lounge
26:05 Orc Burrow
26:22 Orc Burrow
28:07 Spirit Lodge
28:24 Orc Burrow
29:57 Spirit Lodge
30:44 Orc Burrow
33:13 Great Hall
33:15 Orc Burrow
33:21 Voodoo Lounge
33:24 Orc Burrow
34:29 Watch Tower
34:31 Watch Tower
34:31 Watch Tower
34:32 Watch Tower
34:34 Watch Tower
34:34 Watch Tower
» items
| Healing Salve | 10 | |
| Lesser Clarity Potion | 12 | |
| Potion of Healing | 8 | |
| Potion of Mana | 3 | |
| Scroll of Speed | 1 | |
| Orb of Lightning | 1 | |
| Periapt of Vitality | 1 | |
| Boots of Speed | 1 | |
| Potion of Lesser Invulnerability | 1 | |
| Staff of Teleportation | 1 | |
| Scroll of Town Portal | 1 | |
| Scroll of Healing | 1 | |
41 total
Chat log
(19:10 / All) dota_star6666: lol
(20:17 / All) dota_star6666: leave
(20:18 / All) dota_star6666: lol
(21:14 / All) YAC: lol
(21:19 / All) dota_star6666: youre still trying
(21:24 / All) dota_star6666: that IS funny
(21:26 / All) YAC: no hud3e
(21:31 / All) dota_star6666: no what?
(21:33 / All) dota_star6666: english please
(22:56 / All) dota_star6666: yawn
(23:12 / All) dota_star6666: we get to play hide the tree
(23:17 / All) dota_star6666: with a noob who cant handle losing
(23:31 / All) dota_star6666: oh look a tree
(23:34 / All) dota_star6666: lmao
(23:34 / All) YAC: español por favor
(23:35 / All) dota_star6666: so bad
(23:44 / All) dota_star6666: i know you speak english
(23:49 / All) YAC: ¿?
(23:57 / All) dota_star6666: ¿què?
(24:03 / All) YAC: eso pregunto
(24:08 / All) dota_star6666: spanish speakers dont type out words like that
(24:22 / All) YAC: no entiendo
(24:23 / All) dota_star6666: you lost, badly, suck it up
(24:34 / All) dota_star6666: face saving wont help you lol
(24:39 / All) YAC: ok si si si
(24:46 / All) dota_star6666: you forgot the accent
(25:04 / All) YAC: accent o toyota=
(25:08 / All) YAC: ?
(26:17 / All) dota_star6666: i know you think youre "trolling" me but i planned to make this game about an hour
(26:39 / All) dota_star6666: aw
(26:42 / All) dota_star6666: too soon
(26:47 / All) dota_star6666: i dont wanna end it
(26:55 / All) dota_star6666: god
(26:57 / All) dota_star6666: lol
(27:07 / All) dota_star6666: you are the most entertaining opponent ive fucked with today
(27:16 / All) dota_star6666: so glad i found you
(28:15 / All) YAC: nada todavia?
(28:22 / All) YAC: voy por caffe
(28:39 / All) dota_star6666: if you were a native speaker you'd say "me voy para cafe"
(28:45 / All) dota_star6666: and im lazy to make the accent
(28:49 / All) dota_star6666: but save face however you want
(31:26 / All) YAC: nada mejor como cafe instantaneo jejeje
(31:36 / All) YAC: 2min y esta listo
(31:44 / All) dota_star6666: jeez
(31:48 / All) dota_star6666: your bad spanish is painful
(31:51 / All) dota_star6666: stop using a translator
(32:34 / All) YAC: jajajaja jajajajaja mira mi perfil soy de costa rica de AMERICA
(33:00 / All) dota_star6666: you should check out manzanillo while youre there
(33:18 / All) dota_star6666: nice beaches
(33:27 / All) YAC: guanacaste
(33:57 / All) YAC: vivo en guanacaste pero he estado en Tamarindo